 Dungeon Sprint DCSS version 0.30-a0-937-ga0a21ad780 (webtiles) character file.

Game seed: 5118171869057031466

201 BigDaddyOpFi the Chopper (level 5, -1/52 HPs)
             Began as a Hill Orc Fighter on Mar 24, 2023.
             Was an Initiate of Qazlal.
             Succumbed to a scorpion's poison
             ... in the Dungeon (Sprint IV: "Fedhas' Mad Dash").
             The game lasted 00:01:24 (1465 turns).

BigDaddyOpFi the Chopper (Hill Orc Fighter)         Turns: 1465, Time: 00:01:25

Health: -1/52      AC:  7    Str: 21    XL:     5   Next: 79%
Magic:  7/7        EV:  9    Int:  8    God:    Qazlal [......]
Gold:   49         SH:  5    Dex: 10    Spells: 4/4 levels left

rFire   . . .      SeeInvis .    a - +0 war axe
rCold   . . .      Faith    .    c - +0 buckler
rNeg    . . .      Spirit   .    b - +0 scale mail
rPois   .          Reflect  .    (no helmet)
rElec   .          Rampage  .    (no cloak)
rCorr   .          NoTele   +    (no gloves)
Will    .....                    (no boots) Stlth
                                 l - amulet of invisibility {+Inv}
HPRegen 0.28/turn                (no ring)
MPRegen 0.10/turn                (no ring)

@: mighty, lethally poisoned (-1 -> -11), very slightly contaminated, invisible
(expiring)
A: no striking features
a: Renounce Religion, Evoke Invisibility


You were in the Dungeon.
You worshipped Qazlal.
Qazlal was noncommittal.
You visited 1 branch You collected 49 gold pieces.

Inventory:

Hand Weapons
 a - a +0 war axe (weapon)
Armour
 b - a +0 scale mail (worn)
 c - a +0 buckler (worn)
Jewellery
 l - the amulet of invisibility (around neck) {+Inv}
   (You found it in the Dungeon)

   [amulet of nothing]

   +Inv:      It lets you turn invisible.
Potions
 e - a potion of curing
 g - a potion of haste
 h - 2 potions of magic
 k - a potion of invisibility {unknown}


   Skills:
 + Level 7.6 Fighting
 + Level 7.6 Axes
 + Level 6.8 Armour
 + Level 6.9 Shields
 * Level 3.6 Invocations


You had 4 spell levels left.
You didn't know any spells.
Your spell library was empty.

Dungeon Overview and Level Annotations

Branches:
Dungeon (1/1)

Altars:
Cheibriados
Dithmenos
Elyvilon
Gozag
Hepliaklqana
Kikubaaqudgha
Makhleb
Nemelex Xobeh
Okawaru
Qazlal
Ru
Sif Muna
Trog
Uskayaw
Vehumet
Wu Jian
Xom
Yredelemnul
Zin
The Shining One
Beogh
Jiyva
Lugonu


Message History

You closely miss the spriggan. You hit the spriggan.
The spriggan barely misses you.
The spriggan hits you but does no damage.
You closely miss the spriggan. You miss the spriggan.
The spriggan barely misses you. The spriggan closely misses you.
The spriggan hits you but does no damage.
You closely miss the spriggan. You miss the spriggan.
The spriggan hits you with a +0 rapier. The spriggan barely misses you.
You closely miss the spriggan. You hit the spriggan but do no damage.
The spriggan hits you with a +0 rapier. x2; You block the spriggan's attack.
You feel very mighty all of a sudden. You block the spriggan's attack.
The spriggan hits you with a +0 rapier!
You feel much better. The spriggan completely misses you.
The spriggan hits you with a +0 rapier! The spriggan blocks your attack.
The spriggan is lightly wounded.
You barely miss the spriggan. You block the spriggan's attack.
The spriggan barely misses you.
You miss the spriggan.
The spriggan is lightly wounded.
You slash the spriggan!
The spriggan hits you with a +0 rapier! x2
You closely miss the spriggan.
The spriggan is lightly wounded.
You hit the spriggan.
You kill the spriggan!
Qazlal accepts your kill. The spriggan hits you with a +0 rapier!
* * * LOW HITPOINT WARNING * * *
Your Invocations skill increases to level 3!
Unknown command.
You flicker for a moment.
You block the spriggan's attack. The scorpion stings you.
* * * LOW HITPOINT WARNING * * *
You are lethally poisoned!
The scorpion poisons you!
* * * LOW HITPOINT WARNING * * *
You feel very sick. You block the spriggan's attack.
There is an open door here.
You die...

#########################
...#.⌠._._._._.⌠.#s.)$..#
().'.._._._._._.@'i.#$.$#
...#..._._._._...#..# #+#
#+##.._._._._._..#.[#
#._._._._._.⌠.####
###############


You could see a spriggan and a scorpion (unable to see you).

Vanquished Creatures
  A scorpion (D)
  3 oklob saplings (D)
  A spriggan (D)
  A river rat (D)
  A rat (D)
7 creatures vanquished.

Notes
Turn   | Place    | Note
-------+----------+-------------------------------------------
     0 | D        | BigDaddyOpFi the Hill Orc Fighter began the quest for the
                  | Orb.
     0 | D        | Reached XP level 1. HP: 19/19 MP: 1/1
    11 | D        | Reached XP level 2. HP: 19/28 MP: 2/2
   150 | D        | Noticed an oklob sapling
   155 | D        | Killed an oklob sapling
   156 | D        | Reached skill level 5 in Fighting
   156 | D        | Reached XP level 3. HP: 36/36 MP: 3/3
   158 | D        | Noticed a scorpion
   158 | D        | Found the amulet of invisibility {+Inv}
   162 | D        | Killed a scorpion
   163 | D        | Reached skill level 5 in Armour
   163 | D        | Reached skill level 5 in Shields
   163 | D        | Reached XP level 4. HP: 34/45 MP: 4/4
   325 | D        | Found an opulent altar of Gozag.
   325 | D        | Found a hazy altar of Hepliaklqana.
   325 | D        | Found a burning altar of Makhleb.
   325 | D        | Found a roughly hewn altar of Beogh.
   325 | D        | Found a sparkling altar of Nemelex Xobeh.
   325 | D        | Found a snail-covered altar of Cheibriados.
   325 | D        | Found a sacrificial altar of Ru.
   325 | D        | Found a shimmering blue altar of Sif Muna.
   325 | D        | Found a shimmering altar of Xom.
   325 | D        | Found a basalt altar of Yredelemnul.
   327 | D        | Found a viscous altar of Jiyva.
   327 | D        | Found a bloodstained altar of Trog.
   327 | D        | Found an ornate altar of the Wu Jian Council.
   327 | D        | Noticed an oklob sapling priest
   328 | D        | Found an iron altar of Okawaru.
   328 | D        | Found a shadowy altar of Dithmenos.
   328 | D        | Found a glowing silver altar of Zin.
   329 | D        | Found an ancient bone altar of Kikubaaqudgha.
   329 | D        | Found a hide-covered altar of Uskayaw.
   330 | D        | Found a stormy altar of Qazlal.
   330 | D        | Found a white marble altar of Elyvilon.
   330 | D        | Found a glowing golden altar of the Shining One.
   331 | D        | Found a radiant altar of Vehumet.
   331 | D        | Found a corrupted altar of Lugonu.
   338 | D        | Killed an oklob sapling priest
   339 | D        | Reached XP level 5. HP: 35/52 MP: 5/5
   609 | D        | Became a worshipper of Qazlal Stormbringer
  1464 | D        | HP: 2/52 [poisoned by a scorpion]
  1465 | D        | Succumbed to a scorpion's poison

Illustrated notes

Levels and vault maps discovered:
D:        dungeon_sprint_fedhas [sprint_temple]

Skill      XL: |  1  2  3  4  5 |
---------------+----------------+-----
Fighting       | 4 5 6 7 |  7.6
Axes           | 3 4 6 7 |  7.6
Armour         | 4 5 6 |  6.8
Shields        | 4 5 6 |  6.9
Invocations    | 3 |  3.6

Action                     |  1- 3 |  4- 6 || total
---------------------------+-------+-------++-------
  Melee: War axe           |    13 |    28 ||    41
Ability: Evoke Invisibilit |       |     4 ||     4
    Use: Potion            |       |     3 ||     3
         Scroll            |       |     1 ||     1
   Stab: Invisible         |       |     3 ||     3
 Armour: Scale mail        |     3 |     2 ||     5
  Dodge: Dodged            |     5 |    10 ||    15
  Block: Buckler           |     4 |     6 ||    10

Table legend: (Time is in decaauts)
 A = Elapsed time spent in this place.
 B = Non-inter-level travel time spent in this place.
 C = Inter-level travel time spent in this place.
 D = Time resting spent in this place.
 E = Time spent auto-exploring this place.
 F = Levels seen in this place.
 G = Mean time per level.
                   A        B        C        D        E       F      G
               +--------+--------+--------+--------+--------+-----+--------+
         Total |   1481 |   1481 |      0 |   1327 |      0 |   1 | 1481.0 |
       Dungeon |   1481 |   1481 |      0 |   1327 |      0 |   1 | 1481.0 |
               +--------+--------+--------+--------+--------+-----+--------+

Top non-repeatable levels by time:
       D: 1481 daAuts
